Unix NetHack Version 5.0.0-0 post-release - last build Jun 10 2026 00:39:30 (3ee93aec679c4c4259841fe613dc97188e26a321,branch:main).

Game began 2026-06-13 22:13:10, ended 2026-06-13 22:18:07.

IanCurtis, chaotic male elven Wizard

                                       ---------
                                       |........
                                       |.......|
                                       |.......|
 -------------                         |:.......
 |...........|                         |...@...|
 |<..........|             ------      |..G.:...
 |...........|             |.(..-##### ----|----    .
 |...........|        #####-....|#   #######`
 |............#########    |....|          #
 -------------             ------

IanCurtis the Conjurer    St:8 Dx:15 Co:11 In:20 Wi:10 Ch:11  Chaotic
Dlvl:4  $:24 HP:0(22) Pw:45(45) AC:8  Xp:3 T:1287  Burdened

Latest messages:
 In what direction? l
 The door crashes open!
 The spell hits the hobbit!
 You kill the hobbit!
 Welcome to experience level 3.
 There is a hobbit corpse here; eat it? [ynq] (n) y
 This hobbit corpse tastes terrible!
 You finish eating the hobbit corpse.
 x - an elven dagger.
 What do you want to name? [a-oq-x or ?*] x
 What do you want to name this elven dagger? Sting
 You miss the newt.
 You hit the newt.
 You kill the newt!
 You see here 5 gold pieces.
 $ - 5 gold pieces (24 in total).
 You descend the stairs.
 You see here a food ration.
 y - a food ration.
 A floating eye suddenly appears close by!
 In what direction? h
 The spell hits the floating eye!
 You kill the floating eye!
 That door is closed.
 The door opens.
 You see here a scroll labeled KERNOD WEL.
 z - a scroll labeled KERNOD WEL.
 You see here a large box.
 A - a thick spellbook.
 You have a little trouble removing a swirly potion.  Continue? [ynq] (q) y
 You have a little trouble removing u - a swirly potion (2 in total).
 Your movements are slowed slightly because of your load.
 That door is closed.
 The door opens.
 With great effort you move the boulder.
 The gnome swings his thonged club.
 The gnome hits!
 The newt bites!
 The newt bites!
 The newt misses!
 You hit the gnome.
 The newt misses!
 You miss the gnome.
 The gnome swings his thonged club.
 The gnome misses!
 You miss the gnome.
 The gnome swings his thonged club.
 The gnome hits!
 You die...
 Do you want your possessions identified? [ynq] (y) q

Inventory:
 Coins    ('$')
  $ - 24 gold pieces
 Amulets  ('"')
  q - an uncursed amulet of magical breathing
 Weapons  (')')
  x - the +2 Sting
  a - a blessed +1 quarterstaff (weapon in hands)
 Armor    ('[')
  r - an uncursed +0 orcish helm (being worn)
  b - an uncursed +0 cloak of magic resistance (being worn)
 Comestibles  ('%')
  y - an uncursed food ration
  s - 2 uncursed tripe rations
 Scrolls  ('?')
  j - an uncursed scroll of charging
  z - a cursed scroll of create monster
  k - an uncursed scroll of magic mapping
  i - 2 uncursed scrolls of remove curse
 Spellbooks  ('+')
  m - an uncursed spellbook of detect monsters
  l - a blessed spellbook of force bolt
  w - an uncursed spellbook of magic mapping
  A - an uncursed spellbook of wizard lock
 Potions  ('!')
  t - an uncursed potion of hallucination
  u - 2 uncursed potions of healing
  v - an uncursed potion of sleeping
  g - an uncursed potion of speed
  f - an uncursed potion of water
  h - an uncursed potion of water
 Rings    ('=')
  e - an uncursed ring of regeneration
  d - an uncursed ring of sustain ability
 Wands    ('/')
  c - a wand of striking (0:7)
 Tools    ('(')
  o - an uncursed wooden flute
  n - a magic marker (0:21)

IanCurtis the Wizard's attributes:

Background:
 You were a Conjurer, a level 3 male elven Wizard.
 You were chaotic, nominally on a mission for Anhur
 who was opposed by Ptah (lawful) and Thoth (neutral).
 You were right-handed.
 You were in the Dungeons of Doom, on level 4.
 You entered the dungeon 1287 turns ago.
 It was nighttime.
 You had 50 experience points, 30 more were needed to attain level 4.

Basics:
 You had 0 out of 22 hit points.
 You had all 45 energy points (spell power).
 Your armor class was 8.
 Your wallet contained 24 zorkmids.
 Autopickup was off.

Final Characteristics:
 Your strength was 8 (limit:18).
 Your dexterity was 15 (limit:18).
 Your constitution was 11 (limit:16).
 Your intelligence was 20 (limit:20).
 Your wisdom was 10 (limit:20).
 Your charisma was 11 (limit:18).

Final Status:
 You weren't hungry.
 You were burdened; movement was slightly slowed.
 You were wielding a quarterstaff.
 You had basic skill with quarterstaff.

Final Attributes:
 You were devoutly aligned.
 You were magic-protected.
 You had infravision.
 You were warded.
 You are dead.

Miscellaneous:
 You didn't encounter any bones levels.
 Total elapsed playing time was 4 minutes and 57 seconds.

Major events:
 Turn
    1: IanCurtis the chaotic male elven Wizard entered the dungeon
 1131: attained the rank of Conjurer (level 3)
 1146: became literate by naming Sting
 1287: killed by a gnome

Spells:
 Name                 Level Category     Fail Retention
 force bolt             1   attack         0%  91%-100%
 detect monsters        1   divination     0%  76%-100%

Skills:
 Fighting Skills
   bare handed combat [Unskilled]
   riding             [Unskilled]
 Weapon Skills
   dagger             [Unskilled]
   knife              [Unskilled]
   axe                [Unskilled]
   short sword        [Unskilled]
   club               [Unskilled]
   mace               [Unskilled]
   quarterstaff       [Basic]
   polearms           [Unskilled]
   spear              [Unskilled]
   trident            [Unskilled]
   sling              [Unskilled]
   dart               [Unskilled]
   shuriken           [Unskilled]
 Spellcasting Skills
   attack spells      [Basic]
   healing spells     [Unskilled]
   divination spells  [Unskilled]
   enchantment spells [Basic]
   clerical spells    [Unskilled]
   escape spells      [Unskilled]
   matter spells      [Unskilled]

Voluntary challenges:
 Character rerolling was not enabled.
 You were an atheist.
 You never genocided any monsters.
 You never polymorphed an object.
 You never changed form.
 You used no wishes.
Achievement:
 You attained the rank of Conjurer.

 The Dungeons of Doom: levels 1 to 4
    Level 1:
    Level 2:
       A grave.
    Level 3:
       A fountain.
    Level 4: <- You were here.
       Final resting place for
          you, killed by a gnome.


Vanquished creatures:
  a floating eye
  a coyote
  a hobbit
  a jackal
  3 foxes
  3 goblins
  2 sewer rats
  a lichen
  5 newts
18 creatures vanquished.

No species were genocided or became extinct.

Game over:
                       ----------
                      /          \
                     /    REST    \
                    /      IN      \
                   /     PEACE      \
                  /                  \
                  |    IanCurtis     |
                  |      24 Au       |
                  |   killed by a    |
                  |      gnome       |
                  |                  |
                  |                  |
                  |       2026       |
                 *|     *  *  *      | *
        _________)/\\_//(\/(/\)/\//\/|_)_______

Goodbye IanCurtis the Wizard...

You died in The Dungeons of Doom on dungeon level 4 with 372 points,
and 24 pieces of gold, after 1287 moves.
You were level 3 with a maximum of 22 hit points when you died.

